 Dungeon Crawl Stone Soup version 0.30.1-9-gdf580d7c3d (webtiles) character file.

Game seed: 5105246627318922361

19 Peloso the Covered (level 2, -7/27 HPs)
             Began as a Minotaur Fighter on Sept 29, 2023.
             Succumbed to a goblin's curare-tipped dart
             ... on level 2 of the Dungeon.
             The game lasted 00:00:31 (239 turns).

Peloso the Covered (Minotaur Fighter)                Turns: 239, Time: 00:00:31

Health: -7/27      AC:  7    Str: 20    XL:     2   Next: 55%
Magic:  1/1        EV:  9    Int:  5    God:
Gold:   19         SH:  4    Dex:  9    Spells: 1/1 levels left

rFire   . . .        a - +0 long sword
rCold   . . .        c - +0 buckler
rNeg    . . .        b - +0 scale mail
rPois   .            (helmet restricted)
rElec   .            (no cloak)
rCorr   .            (no gloves)
SInv    .            (no boots)
Will    .....        (no amulet) Stlth
                     (no ring)
HPRegen 0.24/turn    (no ring)
MPRegen 0.07/turn

%: no passive effects
@: lethally poisoned (-7 -> -28), slowed, very slow
A: horns 2, retaliatory headbutt
a: no special abilities


You were on level 2 of the Dungeon.
You visited 1 branch of the dungeon, and saw 2 of its levels.

You collected 19 gold pieces.

Inventory:

Hand Weapons
 a - a +0 long sword (weapon)
Armour
 b - a +0 scale mail (worn)
 c - a +0 buckler (worn)
Scrolls
 e - a scroll of fog {unknown}
 f - a scroll of amnesia {unknown}
Potions
 d - a potion of might


   Skills:
 + Level 3.8 Fighting
 + Level 2.5 Long Blades
 + Level 4.3 Armour
 + Level 3.9 Shields


You had one spell level left.
You didn't know any spells.
Your spell library was empty.

Dungeon Overview and Level Annotations

Branches:
Dungeon (2/15)

Altars:


Innate Abilities, Weirdness & Mutations

You have a pair of horns on your head.
You reflexively headbutt those who attack you in melee.


Message History

The adder closely misses you.
You hit the adder.
The adder is moderately wounded.
The adder bites you but does no damage.
A goblin comes into view.
It is wielding a +0 club and quivering curare-tipped darts.
The adder bites you but does no damage.
The goblin shouts!
You hit the adder.
The adder is severely wounded.
The adder bites you but does no damage.
A frilled lizard comes into view.
You barely miss the adder.
The frilled lizard hisses angrily.
Your headbutt misses the adder.
The adder is severely wounded.
The adder bites you. x2
You slash the adder!
You kill the adder!
The goblin throws a curare-tipped dart.
You block the curare-tipped dart.
Your Armour skill increases to level 4!
A goblin comes into view. It is wielding a +0 dagger.
The goblin shouts!
A bat comes into view.
A quokka comes into view.
You see here an adder corpse.
The frilled lizard unfolds its giant frill.
The goblin throws a curare-tipped dart.
The curare-tipped dart hits you.
You are poisoned.
You have difficulty breathing.
You feel yourself slow down.
You see here an adder corpse.
You feel very sick. The bat hits you but does no damage.
The goblin throws a curare-tipped dart.
The curare-tipped dart hits you.
You are lethally poisoned!
You have difficulty breathing.
* * * LOW HITPOINT WARNING * * *
You feel as though you will be slow longer.
The bat hits you but does no damage.
Okay, then.
You closely miss the bat. Your headbutt misses the bat.
You die...

.......... .........
........ #....^# #####
#g....# ....# #.....#
###.#############r....##..
#.#>..........@b....'...
#.#.###########.....##..
#.#.# #.g...# ###.#.#
#..l..... .##.#.#
#......... .##'#.#
####...... .#....# ......
......# ...... ##....#


You could see a quokka, 2 goblins, a bat and a frilled lizard.

Vanquished Creatures
  An adder (D:2)
  4 hobgoblins
  A ball python (D:1)
  2 bats (D:1)
  A frilled lizard (D:1)
  A kobold (D:1)
  A rat (D:1)
11 creatures vanquished.

Notes
Turn   | Place    | Note
-------+----------+-------------------------------------------
     0 | D:1      | Peloso the Minotaur Fighter began the quest for the Orb.
     0 | D:1      | Reached XP level 1. HP: 19/19 MP: 0/0
   143 | D:1      | Reached XP level 2. HP: 26/27 MP: 1/1
   168 | D:1      | You fall into a shaft and drop 1 floor!
   235 | D:2      | Reached skill level 4 in Armour
   238 | D:2      | HP: 1/27 [asphyx]
   239 | D:2      | Succumbed to a goblin's curare-tipped dart

Illustrated notes

Levels and vault maps discovered:
D:1:      psy_arrival_dodecagon, layout_loops_corners,
          shapermc_ecumenical_altar_starsandcircs, chequers_arboretum
D:2:      layout_basic, serial_shops, nicolae_shop_tiny_real_fake_doors,
          basic_altar

Skill      XL: |  1  2 |
---------------+-------+-----
Armour         | 4 |  4.3
Fighting       | |  3.8
Long Blades    | |  2.5
Shields        | |  3.9

Action                     || total
---------------------------++-------
  Melee: Long sword        ||    30
         Headbutt          ||     2
 Armour: Scale mail        ||    18
  Dodge: Dodged            ||    11
  Block: Buckler           ||    12
